 Dungeon Sprint DCSS version 0.29-a0-356-g7bc237e783 (webtiles) character file.

Game seed: 8718905708996078509

5900000 HendSelp the Axe Maniac (level 25, -37/187 HPs)
             Began as a Tengu Monk on Apr 26, 2022.
             Was the Champion of Makhleb.
             Annihilated by The Servant
             ... wielding a +9 glaive of flaming
              (132 damage)
             ... in the Dungeon (Sprint VIII: "Arena of Blood").
             The game lasted 00:01:37 (59 turns).

HendSelp the Axe Maniac (Tengu Monk)                  Turns: 59, Time: 00:01:37

Health: -37/187    AC:  3    Str: 13    XL:     25   Next: 96%
Magic:  25/46      EV: 45    Int: 13    God:    Makhleb [******]
Gold:   0          SH:  0    Dex: 25    Spells: 61/61 levels left

rFire   . . .      SeeInvis .   j - +∞ Axe of Woe
rCold   . . .      Faith    .   (shield currently unavailable)
rNeg    . . .      Spirit   .   b - +0 robe
rPois   .          Reflect  .   (helmet restricted)
rElec   .          Harm     .   (no cloak)
rCorr   .          Rampage  .   (no gloves)
Will    +....      NoTele   +   (boots unavailable)
Stlth   ++++++++++              (no amulet)
HPRegen 0.41/turn               (no ring)
MPRegen 0.30/turn               (no ring)

@: flying quickly and evasively, quick
A: beak, talons 3, nimble flight
a: Renounce Religion, Minor Destruction, Lesser Servant of Makhleb, Major
Destruction, Greater Servant of Makhleb


You were in the Dungeon.
You worshipped Makhleb.
Makhleb was exalted by your worship.
You visited 1 branch

Inventory:

Hand Weapons
 a - a +0 hand axe
 j - the +∞ Axe of Woe (weapon)
   (You found it in the Dungeon)
Armour
 b - a +0 robe (worn)
Scrolls
 i - a scroll of blinking
Potions
 c - a potion of ambrosia
 d - a potion of curing
 e - a potion of heal wounds
 f - a potion of haste
 g - 2 potions of magic
 h - a potion of berserk rage


   Skills:
 O Level 27 Fighting
 + Level 21.8(24.5) Short Blades
 + Level 19.2(23.2) Long Blades
 O Level 27 Axes
 + Level 19.2(27) Maces & Flails
 + Level 19.2(27) Polearms
 + Level 19.2(24.9) Staves
 + Level 20.2(23.4) Slings
 + Level 21.8 Bows
 + Level 21.8 Crossbows
 + Level 20.2(23.5) Throwing
 + Level 21.8 Armour
 O Level 27 Dodging
 O Level 27 Stealth
 + Level 20.2 Shields
 + Level 21.8 Unarmed Combat
 + Level 18.7 Spellcasting
 + Level 25.4 Conjurations
 + Level 15.9 Hexes
 + Level 23.5 Summonings
 + Level 21.8 Necromancy
 + Level 17.3 Translocations
 + Level 17.3 Transmutations
 + Level 21.8 Fire Magic
 + Level 18.7 Ice Magic
 + Level 25.4 Air Magic
 + Level 15.9 Earth Magic
 + Level 20.2 Poison Magic
 + Level 18.7 Invocations
 + Level 20.2 Evocations


You had 61 spell levels left.
You didn't know any spells.
Your spell library was empty.

Dungeon Overview and Level Annotations

Branches:
Dungeon (1/1)

Altars:
Makhleb

Annotations:
D The Servant


Innate Abilities, Weirdness & Mutations

You have a beak for a mouth.
You have claws for feet.
Your magical nature lets you fly swiftly and evasively.


Message History

You kill the bag of meat!
Makhleb accepts your kill.
You feel better.
You slice the meat berserker!!
You chop the meat berserker into pieces.
You kill the meat berserker!
Makhleb accepts your kill.
You feel better.
You hear a shout! x7
Your base Long Blades skill increases to level 19!
Your base Maces & Flails skill increases to level 19!
Your base Polearms skill increases to level 19!
Your base Staves skill increases to level 19!
Your base Slings skill increases to level 20!
Your base Throwing skill increases to level 20!
Your Shields skill increases to level 20!
Your Conjurations skill increases to level 25!
Your Translocations skill increases to level 17!
Your Transmutations skill increases to level 17!
Your Air Magic skill increases to level 25!
Your Poison Magic skill increases to level 20!
Your Evocations skill increases to level 20!
Unknown command.
Unknown command.
You hit the bag of meat.
You cleave the bag of meat in twain.
You kill the bag of meat!
Makhleb accepts your kill.
You slice the meat berserker!!
You hew the meat berserker savagely.
You kill the meat berserker!
Makhleb accepts your kill.
You hit the accursed but do no damage. You chop the accursed into pieces.
You destroy the accursed!
Makhleb accepts your kill.
You feel extremely nervous for a moment...
Your body is wracked with pain!
You hear a shout!
The destroyer gestures at you while chanting.
The destroyer blinks!
The Servant hits you from afar with a +9 glaive of flaming!!!!
Ouch! That really hurt!
You die...

...... . ..
......##. #M#
........ .. ..
###.....##.##..
.....L.......o.
..........#.#..
.oM...........V
#O...O)@)o...o.
o#....V))@.....
.Oz..o)○)§.....
.o....○))§.....
...M.#°......#.
.....#.......#
...###.......###.
......))###......
#.....).)_......


You could see 3 accurseds, a tyrant, The Servant, 2 destroyers, a sculptor of
flesh, 2 large bags of meat, a meat berserker (berserk) and 7 bags of meat.

Vanquished Creatures
  A royal mummy (D)
  5 vampire knights (D)
  22 ogres (D)
  2 two-headed ogres (D)
  51 orcs (D)
  5 skeletal warriors (D)
86 creatures vanquished.

Notes
Turn   | Place    | Note
-------+----------+-------------------------------------------
     0 | D        | Found the +∞ Axe of Woe
     0 | D        | HendSelp the Tengu Monk began the quest for the Orb.
     0 | D        | Reached XP level 1. HP: 14/14 MP: 2/2
     2 | D        | Noticed a bag of meat
     2 | D        | Noticed a bag of meat
     2 | D        | Noticed a bag of meat
     3 | D        | Killed a bag of meat
     3 | D        | Noticed a bag of meat
     3 | D        | Noticed a bag of meat
     3 | D        | Noticed a bag of meat
     4 | D        | Reached skill level 15 in Fighting
     4 | D        | Reached XP level 2. HP: 35/35 MP: 3/3
     4 | D        | Reached XP level 3. HP: 40/40 MP: 4/4
     4 | D        | Reached XP level 4. HP: 45/45 MP: 5/5
     4 | D        | Gained mutation: Your magical nature lets you fly swiftly
                  | and evasively. [Tengu growth]
     4 | D        | Reached XP level 5. HP: 50/50 MP: 6/6
     4 | D        | Reached XP level 6. HP: 56/56 MP: 7/7
     4 | D        | Reached XP level 7. HP: 60/60 MP: 8/8
     4 | D        | Reached XP level 8. HP: 66/66 MP: 9/9
     4 | D        | Reached XP level 9. HP: 71/71 MP: 10/10
     4 | D        | Reached XP level 10. HP: 76/76 MP: 11/11
     4 | D        | Reached XP level 11. HP: 81/81 MP: 12/12
     4 | D        | Noticed a bag of meat
     6 | D        | Became a worshipper of Makhleb the Destroyer
     6 | D        | Reached * piety under Makhleb
     6 | D        | Reached ** piety under Makhleb
     6 | D        | Noticed a meat berserker
     6 | D        | Noticed a meat berserker
     6 | D        | Noticed a bag of meat
     7 | D        | Killed a bag of meat
     7 | D        | Killed a bag of meat
     7 | D        | Noticed a bag of meat
     8 | D        | Reached XP level 12. HP: 94/94 MP: 13/13
     8 | D        | Killed a bag of meat
     9 | D        | Reached XP level 13. HP: 101/101 MP: 14/14
     9 | D        | Noticed a bag of meat
    10 | D        | Killed a bag of meat
    10 | D        | Reached *** piety under Makhleb
    10 | D        | Noticed a bag of meat
    11 | D        | Noticed a meat berserker
    11 | D        | Noticed a meat berserker
    11 | D        | Noticed a meat berserker
    11 | D        | Noticed a bag of meat
    12 | D        | Killed a bag of meat
    12 | D        | Noticed a bag of meat
    12 | D        | Noticed a bag of meat
    12 | D        | Noticed a bag of meat
    12 | D        | Noticed a meat berserker
    13 | D        | Reached XP level 14. HP: 111/111 MP: 15/15
    13 | D        | Killed a bag of meat
    14 | D        | Killed a meat berserker
    14 | D        | Reached **** piety under Makhleb
    14 | D        | Killed a meat berserker
    14 | D        | Noticed a bag of meat
    15 | D        | Reached skill level 27 in Axes
    15 | D        | Reached XP level 15. HP: 123/123 MP: 16/16
    15 | D        | Noticed a meat berserker
    16 | D        | Killed a meat berserker
    16 | D        | Reached ***** piety under Makhleb
    17 | D        | Reached skill level 27 in Fighting
    17 | D        | Reached skill level 27 in Dodging
    17 | D        | Reached XP level 16. HP: 133/133 MP: 17/17
    17 | D        | Killed a meat berserker
    17 | D        | Killed a meat berserker
    18 | D        | Reached skill level 27 in Stealth
    18 | D        | Reached XP level 17. HP: 139/139 MP: 18/18
    18 | D        | Killed a meat berserker
    18 | D        | Killed a meat berserker
    19 | D        | Reached skill level 5 in Short Blades
    19 | D        | Reached skill level 5 in Bows
    19 | D        | Reached skill level 5 in Crossbows
    19 | D        | Reached skill level 5 in Armour
    19 | D        | Reached skill level 5 in Unarmed Combat
    19 | D        | Reached skill level 5 in Summonings
    19 | D        | Reached skill level 5 in Necromancy
    19 | D        | Reached skill level 5 in Fire Magic
    19 | D        | Noticed a destroyer
    19 | D        | Noticed a meat berserker
    21 | D        | Reached skill level 5 in Long Blades
    21 | D        | Reached skill level 5 in Maces & Flails
    21 | D        | Reached skill level 5 in Polearms
    21 | D        | Reached skill level 5 in Staves
    21 | D        | Reached skill level 5 in Slings
    21 | D        | Reached skill level 5 in Throwing
    21 | D        | Reached skill level 5 in Shields
    21 | D        | Reached skill level 5 in Spellcasting
    21 | D        | Reached skill level 5 in Ice Magic
    21 | D        | Reached skill level 5 in Poison Magic
    21 | D        | Reached skill level 5 in Invocations
    21 | D        | Reached skill level 5 in Evocations
    21 | D        | Reached ****** piety under Makhleb
    22 | D        | Reached skill level 5 in Translocations
    22 | D        | Reached skill level 5 in Transmutations
    22 | D        | Reached XP level 18. HP: 145/145 MP: 18/27
    23 | D        | Reached skill level 5 in Hexes
    23 | D        | Reached skill level 5 in Earth Magic
    24 | D        | Noticed a large bag of meat
    25 | D        | Killed a meat berserker
    26 | D        | Reached skill level 10 in Summonings
    26 | D        | Reached XP level 19. HP: 151/151 MP: 19/31
    26 | D        | Noticed a meat berserker
    28 | D        | Noticed a meat berserker
    30 | D        | Noticed a meat berserker
    30 | D        | Noticed a meat berserker
    30 | D        | Noticed a meat berserker
    31 | D        | Noticed a sculptor of flesh
    31 | D        | Noticed a meat berserker
    33 | D        | Noticed a destroyer
    34 | D        | Killed a meat berserker
    34 | D        | Killed a meat berserker
    34 | D        | Noticed a meat berserker
    34 | D        | Noticed a sculptor of flesh
    34 | D        | Noticed a destroyer
    35 | D        | Reached skill level 10 in Slings
    35 | D        | Reached skill level 10 in Throwing
    35 | D        | Reached skill level 10 in Shields
    35 | D        | Reached skill level 10 in Poison Magic
    35 | D        | Reached skill level 10 in Evocations
    35 | D        | Killed a destroyer
    35 | D        | Noticed a large bag of meat
    36 | D        | Reached skill level 10 in Long Blades
    36 | D        | Reached skill level 10 in Maces & Flails
    36 | D        | Reached skill level 10 in Polearms
    36 | D        | Reached skill level 10 in Staves
    36 | D        | Reached XP level 20. HP: 157/157 MP: 20/34
    36 | D        | Noticed a destroyer
    36 | D        | Killed a large bag of meat
    36 | D        | Killed a meat berserker
    36 | D        | Killed a meat berserker
    37 | D        | Reached skill level 15 in Conjurations
    37 | D        | Reached skill level 10 in Translocations
    37 | D        | Reached skill level 10 in Transmutations
    37 | D        | Reached skill level 15 in Air Magic
    37 | D        | Killed a meat berserker
    37 | D        | Killed a destroyer
    38 | D        | Reached skill level 10 in Hexes
    38 | D        | Reached skill level 15 in Summonings
    38 | D        | Reached skill level 10 in Earth Magic
    38 | D        | Reached XP level 21. HP: 163/163 MP: 21/38
    38 | D        | Killed a meat berserker
    38 | D        | Noticed a destroyer
    40 | D        | Reached skill level 15 in Bows
    40 | D        | Reached skill level 15 in Crossbows
    40 | D        | Reached skill level 15 in Armour
    40 | D        | Reached skill level 15 in Unarmed Combat
    40 | D        | Reached skill level 15 in Necromancy
    41 | D        | Reached skill level 15 in Short Blades
    41 | D        | Reached skill level 15 in Fire Magic
    41 | D        | Reached XP level 22. HP: 169/169 MP: 21/40
    43 | D        | Reached skill level 15 in Slings
    43 | D        | Reached skill level 15 in Throwing
    43 | D        | Reached skill level 15 in Shields
    43 | D        | Reached skill level 15 in Poison Magic
    43 | D        | Reached skill level 15 in Evocations
    44 | D        | Killed a destroyer
    44 | D        | Killed a large bag of meat
    44 | D        | Killed a destroyer
    45 | D        | Reached skill level 15 in Long Blades
    45 | D        | Reached skill level 15 in Maces & Flails
    45 | D        | Reached skill level 15 in Polearms
    45 | D        | Reached skill level 15 in Staves
    45 | D        | Reached skill level 15 in Spellcasting
    45 | D        | Reached skill level 15 in Ice Magic
    45 | D        | Reached skill level 15 in Invocations
    45 | D        | Reached XP level 23. HP: 119/175 MP: 22/43
    45 | D        | Noticed an accursed
    47 | D        | Reached XP level 24. HP: 155/181 MP: 23/44
    47 | D        | Killed a destroyer
    48 | D        | Reached skill level 15 in Translocations
    48 | D        | Reached skill level 15 in Transmutations
    51 | D        | Noticed a destroyer
    51 | D        | Noticed The Servant
    52 | D        | Reached XP level 25. HP: 172/187 MP: 24/45
    53 | D        | Reached skill level 15 in Hexes
    53 | D        | Reached skill level 15 in Earth Magic
    53 | D        | Noticed an accursed
    54 | D        | Noticed an accursed
    55 | D        | Noticed a tyrant
    56 | D        | Noticed a large bag of meat
    56 | D        | Noticed a destroyer
    57 | D        | Noticed a large bag of meat
    57 | D        | Noticed an accursed
    59 | D        | Killed an accursed
    59 | D        | Annihilated by The Servant

Illustrated notes

Levels and vault maps discovered:
D:        meatsprint

Skill      XL: |  1  2  3  4  5  6  7  8  9 10 11 12 13 14 15 16 17 18 19 20 21 22 23 24 25 |
---------------+----------------------------------------------------------------------------+-----
Fighting       | 15 18 19 21 25 27 | 27.0
Axes           | 16 20 21 23 27 | 27.0
Dodging        | 16 19 21 22 26 27 | 27.0
Stealth        | 6 8 9 11 17 27 | 27.0
Short Blades   | 7 9 11 14 15 18 20 21 | 21.8
Long Blades    | 6 7 10 12 13 15 16 18 19 | 19.2
Maces & Flails | 6 7 10 12 13 15 16 18 19 | 19.2
Polearms       | 6 7 10 12 13 15 16 18 19 | 19.2
Staves         | 6 7 10 12 13 15 16 18 19 | 19.2
Slings         | 6 8 10 13 14 16 17 18 20 | 20.2
Bows           | 7 9 11 14 15 18 20 21 | 21.8
Crossbows      | 7 9 11 14 15 18 20 21 | 21.8
Throwing       | 6 8 10 13 14 16 17 19 20 | 20.2
Armour         | 7 9 11 14 15 18 20 21 | 21.8
Shields        | 6 8 10 13 14 16 17 19 20 | 20.2
Unarmed Combat | 7 9 11 14 15 18 20 21 | 21.8
Spellcasting   | 5 7 9 12 13 15 16 17 18 | 18.7
Conjurations   | 8 11 13 16 17 21 23 25 | 25.4
Hexes          | 4 6 8 10 11 13 14 15 | 15.9
Summonings     | 7 10 12 15 16 19 20 22 23 | 23.5
Necromancy     | 7 9 11 14 15 18 20 21 | 21.8
Translocations | 5 7 9 11 12 14 16 17 | 17.3
Transmutations | 5 7 9 11 12 14 16 17 | 17.3
Fire Magic     | 7 9 11 14 15 18 20 21 | 21.8
Ice Magic      | 5 7 9 12 13 15 16 17 18 | 18.7
Air Magic      | 8 11 13 16 17 21 23 25 | 25.4
Earth Magic    | 4 6 8 10 11 13 14 15 | 15.9
Poison Magic   | 6 8 10 13 14 16 17 19 20 | 20.2
Invocations    | 5 7 9 12 13 15 16 17 18 | 18.7
Evocations     | 6 8 10 13 14 16 17 19 20 | 20.2

Action                   |  1- 3 |  4- 6 |  7- 9 | 10-12 | 13-15 | 16-18 | 19-21 | 22-24 | 25-27 || total
-------------------------+-------+-------+-------+-------+-------+-------+-------+-------+-------++-------
Melee: Executioner's axe |     1 |       |       |     2 |     5 |     7 |     9 |    11 |     6 ||    41

Table legend: (Time is in decaauts)
 A = Elapsed time spent in this place.
 B = Non-inter-level travel time spent in this place.
 C = Inter-level travel time spent in this place.
 D = Time resting spent in this place.
 E = Time spent auto-exploring this place.
 F = Levels seen in this place.
 G = Mean time per level.
                   A        B        C        D        E       F      G
               +--------+--------+--------+--------+--------+-----+--------+
         Total |     46 |     46 |      0 |      0 |      0 |   1 |   46.0 |
       Dungeon |     46 |     46 |      0 |      0 |      0 |   1 |   46.0 |
               +--------+--------+--------+--------+--------+-----+--------+

Top non-repeatable levels by time:
       D: 46 daAuts
